Map: Cactus Valley LE (Void)

Players

doldol - Winner!

  • Race: Terran Terran

StoicLoofah

  • Race: Terran Terran

VOD

Have the link to the VOD?

Description

Time

  • Played on: May 16, 2015, 7:47 p.m.
  • Length: 19:26
Show
View Real Time Build Order
Export as new Build Order

doldol Terran - Winner!

Build Orders: 1/1/1, MMM Bio, Siege Tank Drop 

Get SALT Encoding   

  12  0:00  SCV  
  13  0:13  SCV  
  14  0:20  Supply Depot  
  14  0:25  SCV  
  15  0:30  Refinery  
  15  0:42  SCV  
  16  0:46  Barracks  
  16  0:54  SCV  
  17  1:10  SCV  
  18  1:22  SCV  
  19  1:36  Orbital Command  
  19  1:37  Factory  
  19  1:39  Marine  
  20  1:49  Supply Depot  
  20  1:57  Marine  
  21  2:05  SCV  
  22  2:17  SCV  
  23  2:23  Hellion, Starport  
  23  2:29  SCV, Barracks Reactor  
  26  2:39  Supply Depot  
  26  2:41  SCV  
  27  2:51  Factory Reactor  
  27  2:53  SCV  
  27  2:55  Factory Tech Lab  
  28  3:08  Marine x2  
  30  3:13  Command Center  
  30  3:23  Supply Depot  
  32  3:41  Siege Tank  
  32  3:52  Supply Depot  
  32  3:55  Marine x2  
  32  3:59  SCV  
  32  4:00  Refinery  
  35  4:03  Supply Depot  
  35  4:10  Medivac  
  35  4:11  SCV  
  38  4:24  Marine x2  
  38  4:26  Barracks  
  38  4:27  Barracks  
  38  4:28  Supply Depot  
  40  4:39  Engineering Bay  
  40  4:42  Marine x2  
  40  4:43  Orbital Command, Starport Reactor  
  43  4:45  SCV  
  43  4:56  Siege Tank  
  43  4:57  SCV  
  47  5:10  SCV x2  
  47  5:13  Barracks Tech Lab  
  49  5:14  Barracks Reactor  
  47  5:22  SCV x2  
  47  5:25  Medivac  
  51  5:29  Refinery  
  51  5:34  SCV x2, Marine x2  
  55  5:38  Stimpack  
  55  5:45  Supply Depot  
  55  5:46  SCV x2  
  55  5:58  SCV x2  
  55  6:02  Command Center  
  56  6:10  SCV x2  
  58  6:15  Marine x5  
  63  6:24  SCV  
  63  6:25  SCV  
  65  6:32  Marine  
  65  6:33  Medivac x2, Siege Tank, Marine  
  65  6:34  Marine x3  
  65  6:36  SCV  
  65  6:38  Supply Depot  
  65  6:39  SCV  
  79  6:41  Refinery  
  79  6:48  SCV  
  79  6:49  Missile Turret  
  79  6:50  Marine x2  
  79  6:51  SCV, Missile Turret  
  79  6:52  Marine x3  
  86  7:10  Marine x5  
  91  7:18  Orbital Command  
  91  7:28  Marine  
  92  7:37  Viking x2  
  92  7:38  Combat Shields, Orbital Command  
  92  7:39  Marine x4  
  99  7:45  Marine  
  100  7:53  Barracks  
  100  7:54  Terran Infantry Weapons Level 1, Barracks  
  100  7:55  Supply Depot  
  100  7:57  Marine x3  
  103  8:01  Missile Turret  
  103  8:04  Barracks  
  103  8:11  SCV x3  
  106  8:23  SCV x3, Siege Tank, Medivac x2  
  116  8:34  Marine x2  
  116  8:35  SCV x2, Marine x2  
  116  8:37  Marine  
  123  8:42  SCV  
  123  8:47  SCV  
  125  9:02  Marine  
  93  9:15  Marine x3  
  93  9:16  Marine  
  92  9:20  Marine  
  92  9:21  Barracks Reactor  
  92  9:22  Barracks Reactor  
  91  9:25  Barracks Tech Lab  
  91  9:27  Barracks Tech Lab  
  91  9:28  Barracks Tech Lab  
  91  9:29  Concussive Shells  
  90  9:32  Siege Tank, Medivac x2  
  90  9:33  Marine x4  
  90  9:37  Marine  
  102  9:39  SCV x2  
  102  9:41  Refinery x2  
  102  9:43  Supply Depot  
  104  9:48  Terran Infantry Armor Level 1  
  104  9:51  Marine x3  
  107  9:53  SCV x2  
  107  9:55  SCV  
  107  9:57  Marauder  
  107  9:58  Marauder  
  114  10:00  Marauder x2  
  114  10:05  SCV  
  119  10:09  Marine  
  119  10:10  Marine x3  
  123  10:19  Marauder x2  
  123  10:20  Starport x2  
  127  10:21  Starport, Marauder  
  127  10:25  Marauder  
  131  10:30  Marine  
  131  10:31  Marine  
  133  10:38  Armory  
  133  10:39  Armory  
  133  10:40  Supply Depot  
  133  10:41  Command Center  
  133  10:48  Command Center  
  133  11:02  Starport Tech Lab, Marauder x2  
  133  11:03  Starport Tech Lab  
  137  11:04  Starport Reactor  
  137  11:06  Starport  
  137  11:08  Fusion Core  
  137  11:24  Viking x2  
  141  11:28  Starport  
  141  11:53  Marauder x3, Marine x5  
  152  11:54  Viking x2  
  152  11:59  Supply Depot, Viking  
  160  12:04  Battlecruiser  
  170  12:08  Battlecruiser  
  170  12:13  Starport Tech Lab  
  158  12:50  Viking x2  
  160  13:01  Orbital Command  
  160  13:02  SCV x2  
  162  13:14  Starport Tech Lab  
  162  13:15  Battlecruiser x2  
  162  13:16  Battlecruiser  
  180  13:20  Viking x2  
  184  13:34  Orbital Command  
  184  13:37  Refinery  
  184  13:38  Command Center  
  184  13:40  Refinery  
  184  13:44  Raven  
  186  14:09  SCV  
  187  14:22  Supply Depot  
  187  14:28  Supply Depot  
  187  14:29  SCV, Supply Depot  
  187  14:30  Viking, Raven  
  187  14:34  Viking, Raven x2  
  141  14:45  Supply Depot  
  141  14:50  Command Center  
  137  14:58  Raven  
  139  15:00  Viking, Terran Vehicle and Ship Weapons Level 1  
  139  15:01  Terran Vehicle And Ship Armor Level 1  
  139  15:03  Supply Depot  
  139  15:04  Supply Depot, Viking, Orbital Command  
  143  15:16  Command Center  
  143  15:18  Command Center x2  
  143  15:22  Command Center  
  143  15:40  Missile Turret x2  
  143  15:41  Raven x2, Missile Turret  
  143  15:42  Raven  
  149  15:44  Missile Turret  
  149  16:10  Viking x2, Raven  
  155  16:13  Orbital Command  
  155  16:18  Refinery  
  153  16:21  Refinery  
  137  16:37  Battlecruiser  
  137  16:38  Battlecruiser  
  149  16:40  Viking x2  
  149  16:44  Orbital Command x2  
  149  16:45  Orbital Command x2  
  153  16:49  Command Center  
  153  16:50  Command Center  
  153  16:53  Command Center  
  153  17:00  Weapon Refit  
  153  17:05  Battlecruiser  
  156  17:43  Hi-Sec Auto Tracking  
  154  17:47  Missile Turret x2  
  154  17:49  Missile Turret  
  154  17:50  Missile Turret  
  154  17:52  Orbital Command  
  146  18:08  Raven x2  
  146  18:09  Raven  
Show
View Real Time Build Order
Export as new Build Order

StoicLoofah Terran 

Build Orders: Factory Expand, Mech 

Get SALT Encoding   

  12  0:01  SCV  
  13  0:13  SCV  
  14  0:25  SCV  
  15  0:30  Supply Depot  
  15  0:41  Refinery  
  15  0:52  SCV, Barracks  
  17  1:04  SCV  
  17  1:16  SCV  
  18  1:28  SCV  
  19  1:39  Reaper  
  20  1:41  Supply Depot, Orbital Command  
  20  1:48  Barracks  
  20  1:59  Refinery  
  20  2:02  Factory  
  20  2:08  SCV  
  21  2:17  Marine  
  21  2:20  SCV  
  23  2:33  SCV  
  23  2:35  Reaper  
  25  2:40  Barracks Tech Lab  
  25  2:44  Engineering Bay  
  25  2:45  SCV  
  26  2:54  Command Center  
  26  2:58  Supply Depot  
  26  3:11  SCV  
  26  3:12  Missile Turret  
  27  3:19  Cyclone  
  30  3:23  Marine x2  
  30  3:24  SCV  
  33  3:39  SCV  
  34  3:50  Marine x2  
  34  3:53  Cyclone  
  39  4:00  Armory  
  39  4:05  SCV  
  39  4:06  Orbital Command  
  39  4:09  Supply Depot  
  40  4:18  SCV  
  41  4:26  Cyclone, Orbital Command  
  41  4:27  Marine x2  
  46  4:31  Starport  
  46  4:42  SCV, Supply Depot  
  47  4:47  Marine x2  
  49  4:57  Factory  
  49  4:58  SCV x2  
  51  5:05  Refinery  
  51  5:09  Refinery  
  51  5:12  Unknown  
  51  5:22  Marine  
  51  5:23  Marine  
  51  5:24  SCV x2  
  55  5:29  Supply Depot  
  55  5:33  Terran Vehicle and Ship Weapons Level 1  
  55  5:36  SCV x2  
  57  6:03  Factory Tech Lab  
  57  6:06  Barracks Reactor  
  57  6:07  SCV x2  
  57  6:09  Factory  
  59  6:14  Starport Reactor  
  59  6:16  Siege Tank  
  62  6:22  Supply Depot  
  62  6:23  SCV x2  
  64  6:30  Missile Turret  
  64  6:34  Siege Tank  
  64  6:38  Marine  
  68  6:44  Supply Depot  
  68  6:48  SCV x2  
  68  6:52  Siege Tank  
  73  6:59  Viking x2  
  77  7:06  Hellbat x2  
  77  7:07  SCV x2  
  83  7:11  Sensor Tower  
  83  7:16  Command Center  
  83  7:19  SCV x2  
  85  7:26  Fusion Core  
  85  7:29  Cyclone  
  88  7:32  Hellbat x2  
  88  7:33  Hellbat  
  94  7:49  SCV x2, Viking x2  
  100  7:51  Supply Depot  
  100  7:52  Supply Depot  
  100  7:53  Supply Depot  
  100  7:55  Terran Vehicle and Ship Weapons Level 2  
  100  8:05  Hellbat  
  102  8:13  Hellbat x2  
  106  8:32  Viking x2  
  106  8:33  Orbital Command  
  110  8:35  SCV x2  
  112  8:49  Siege Tank x2  
  112  8:50  Hellbat x2  
  121  9:02  Factory  
  77  9:18  Hellbat x2, Orbital Command  
  77  9:21  Marine  
  82  9:32  Siege Tank x2  
  88  9:41  Viking x2  
  88  9:43  Hellbat x2  
  96  9:49  Unknown  
  96  9:55  Factory Tech Lab  
  96  10:07  Siege Tank x2  
  96  10:09  Factory  
  96  10:11  Armory  
  96  10:13  Refinery  
  102  10:16  Refinery, Hellbat x3  
  108  10:35  Viking x2  
  112  10:42  Command Center  
  111  10:46  Siege Tank x2  
  117  11:01  Terran Vehicle And Ship Armor Level 1  
  117  11:17  Cyclone  
  117  11:18  Hellbat x2  
  124  11:19  Factory Tech Lab  
  124  11:30  Viking x2  
  128  11:46  Cyclone x2  
  138  11:47  Hellbat x2  
  138  11:52  Factory  
  138  12:03  Planetary Fortress  
  138  12:04  Hellbat x2  
  146  12:08  Hellbat x2  
  146  12:18  Refinery  
  146  12:21  Refinery  
  125  12:33  Hellbat x2  
  125  12:34  Siege Tank x4  
  112  12:54  Viking x2  
  116  13:07  Missile Turret  
  116  13:10  Cyclone x2  
  116  13:12  Hellbat x4  
  130  13:15  Factory Reactor  
  130  13:22  Terran Vehicle And Ship Armor Level 2  
  130  13:42  Sensor Tower  
  130  14:10  Thor x2  
  130  14:11  Thor  
  130  14:12  Hellbat x4  
  156  14:29  Starport  
  156  14:30  Viking x2, Hellbat  
  151  14:33  Hellbat x2  
  98  15:01  Cyclone x3  
  98  15:05  Viking x2  
  98  15:06  Starport Reactor  
  111  15:33  Cyclone  
  114  15:45  Viking x4  
  118  16:33  Cyclone x4  
  118  16:34  Viking  
  132  16:51  Command Center  
  132  16:57  Terran Infantry Weapons Level 1  
  132  16:59  Barracks Tech Lab  
  132  17:09  Viking x4  
  140  17:18  Refinery  
  140  17:21  Refinery  
  140  17:34  Barracks x2  
  140  17:38  Marine x3  
  143  18:03  Marine x3  
  146  18:16  Missile Turret x2  
  146  18:17  Missile Turret  
  146  18:18  Missile Turret  
  146  18:19  Missile Turret  
  146  18:21  Marine  
  147  18:32  Engineering Bay  
  147  18:35  Viking x2  
  147  18:36  Viking x2  
  147  18:51  Marine x5  
Tags
 
Add a new tag
Caveats
  • Supply blocks, unpowered buildings, or Contaminate may cause inaccurate times.
  • Supply counts are checked every 10 seconds.